 Dungeon Crawl Stone Soup version 0.31.0-9-g3a7656b989 (webtiles) character file.

Game seed: 5178431509810386036

58 SnakkuSnakku7 the Sneak (level 4, 0/35 HPs)
             Began as a Formicid Delver on Jan 25, 2024.
             Succumbed to a scorpion's poison
             ... on level 4 of the Dungeon.
             The game lasted 00:00:57 (161 turns).

SnakkuSnakku7 the Sneak (Formicid Delver)            Turns: 161, Time: 00:00:57

Health: 0/35       AC:  3    Str: 18    XL:     4   Next: 20%
Magic:  4/4        EV: 12    Int: 10    God:
Gold:   0          SH:  0    Dex: 15    Spells: 3/3 levels left

rFire   . . .        a - +0 mace
rCold   . . .        (no shield)
rNeg    . . .        b - +0 leather armour
rPois   .            (helmet unavailable)
rElec   .            (no cloak)
rCorr   .            (no gloves)
SInv    +            (no boots)
Will    .....        (no amulet)
Stlth   +++          (no ring)
HPRegen 0.25/turn    (no ring)
MPRegen 0.09/turn

%: no passive effects
@: lethally poisoned (0 -> -2)
A: permanent stasis, dig shafts and tunnels, antennae 3, four strong arms
a: Dig, Shaft Self


You were on level 4 of the Dungeon.
You visited 1 branch of the dungeon, and saw 2 of its levels.

Inventory:

Hand Weapons
 a - a +0 mace (weapon)
Armour
 b - a +0 leather armour (worn)
Wands
 f - a wand of digging (1)
Scrolls
 c - a scroll of fog


   Skills:
 - Level 3.2 Fighting
 + Level 4.1 Maces & Flails
 - Level 1.7 Dodging
 - Level 6.0 Stealth


You had 3 spell levels left.
You didn't know any spells.
Your spell library was empty.

Dungeon Overview and Level Annotations

Branches:
Dungeon (5/15)             Temple (0/1) D:5

Altars:


Innate Abilities, Weirdness & Mutations

You cannot be hasted, slowed, berserked, paralysed or teleported.
You can dig through walls and to a lower floor.
You have a pair of large antennae on your head. (SInv)
Your four strong arms can wield two-handed weapons with a shield.


Message History

The scorpion is lightly wounded.
The scorpion stings you but does no damage.
You hit the scorpion but do no damage.
The scorpion is lightly wounded.
The scorpion stings you. The scorpion closely misses you.
You closely miss the scorpion.
The scorpion is lightly wounded.
The scorpion stings you.
You hit the scorpion.
The scorpion is moderately wounded.
The scorpion stings you. The scorpion barely misses you.
You barely miss the scorpion.
The scorpion is moderately wounded.
The scorpion stings you.
You sock the scorpion!
The scorpion is severely wounded.
The scorpion misses you. The scorpion stings you.
* * * LOW HITPOINT WARNING * * *
You are lethally poisoned!
The scorpion poisons you!
You thump the scorpion!
You kill the scorpion!
* * * LOW HITPOINT WARNING * * *
You feel very sick.
Your Maces & Flails skill gained 2 levels and is now at level 4!
You have reached level 2!
You have reached level 3!
Your experience leads to an increase in your attributes!
Increase (S)trength, (I)ntelligence, or (D)exterity?
You feel stronger. x2
You have reached level 4!
You feel clever.
* * * LOW HITPOINT WARNING * * *
You feel sick.
* * * LOW HITPOINT WARNING * * *
You feel sick.
* * * LOW HITPOINT WARNING * * *
You feel sick.
A goblin comes into view. It is wielding a +0 club.
You die...

#g .## ..# ..# #.#
#)# #.# #@# .
#.#######.# .#
#.........## #.##
##.........####.
#>### #######........
##..#######
##........
##.......###..#######
#............#
########....##


You could see a goblin (wandering).

Vanquished Creatures
  A scorpion (D:4)
1 creature vanquished.

Notes
Turn   | Place    | Note
-------+----------+-------------------------------------------
     0 | D:5      | SnakkuSnakku7 the Formicid Delver began the quest for the
                  | Orb.
     0 | D:5      | Reached XP level 1. HP: 18/18 MP: 1/1
     5 | D:5      | Noticed an ogre
    18 | D:5      | Noticed a gnoll sergeant
    18 | D:5      | Noticed a black bear
    89 | D:5      | Noticed a centaur
   134 | D:4      | Noticed a scorpion
   157 | D:4      | Killed a scorpion
   158 | D:4      | Reached XP level 2. HP: 2/24 MP: 2/2
   158 | D:4      | Reached XP level 3. HP: 2/29 MP: 3/3
   158 | D:4      | Reached XP level 4. HP: 3/35 MP: 4/4
   159 | D:4      | HP: 1/35 [poisoned by a scorpion]
   161 | D:4      | Succumbed to a scorpion's poison

Illustrated notes

Levels and vault maps discovered:
D:4:      layout_layer_cave, nicolae_qazlal_scattered_showers,
          nicolae_shop_distant_corner_stores, glass_columns_a,
          grunt_ministairs_11
D:5:      layout_loops_corners, minmay_temple_entry_nine_rooms

Skill      XL: |  1 |
---------------+----+-----
Maces & Flails | 4 |  4.1
Fighting       | |  3.2
Dodging        | |  1.7
Stealth        | |  6.0

Action                     |  1- 3 |  4- 6 || total
---------------------------+-------+-------++-------
  Melee: Mace              |     7 |       ||     7
  Evoke: Wand              |     2 |       ||     2
    Use: Scroll            |     2 |       ||     2
 Armour: Leather armour    |     6 |       ||     6
  Dodge: Dodged            |     4 |       ||     4
